 Dungeon Crawl Stone Soup version 0.28-a0-172-g787e458d71 (webtiles) character file.

Game seed: 8361434000361069128

10 tachang the Skirmisher (level 2, -10/27 HPs)
             Began as a Hill Orc Fighter on Aug 17, 2021.
             Mangled by a wyvern zombie (11 damage)
             ... on level 3 of the Dungeon.
             The game lasted 00:10:19 (688 turns).

tachang the Skirmisher (Hill Orc Fighter)            Turns: 688, Time: 00:10:20

Health: -10/27     AC:  3    Str: 18    XL:     2   Next: 20%
Magic:  2/2        EV:  8    Int:  8    God:
Gold:   33         SH:  8    Dex: 10    Spells: 1/1 levels left

rFire   . . .      SeeInvis .   a - +0 war axe
rCold   . . .      Faith    .   c - +0 kite shield
rNeg    . . .      Spirit   .   m - +0 leather armour
rPois   .          Reflect  .   (no helmet)
rElec   .          Harm     .   (no cloak)
rCorr   .          Rampage  .   (no gloves)
Will    .....                   (no boots)
Stlth   +.........              (no amulet)
HPRegen 0.09/turn               (no ring)
MPRegen 0.08/turn               (no ring)

@: no status effects
A: no striking features
a: no special abilities


You were on level 3 of the Dungeon.
You visited 1 branch of the dungeon, and saw 3 of its levels.

You collected 33 gold pieces.

Inventory:

Hand Weapons
 a - a +0 war axe (weapon)
 e - a +0 club
 g - a +0 hunting sling
 j - a +0 mace
Missiles
 h - 19 stones (quivered)
 l - 13 poisoned darts
Armour
 b - a +0 scale mail
 c - a +0 kite shield (worn)
 m - a +0 leather armour (worn)
Scrolls
 i - a scroll of teleportation
 k - a scroll of fog {unknown}
Potions
 d - a potion of might
 f - a potion of attraction {unknown}


   Skills:
 + Level 3.9 Fighting
 + Level 3.0 Axes
 + Level 3.4 Armour
 + Level 3.4 Shields


You had one spell level left.
You didn't know any spells.
Your spell library was empty.

Dungeon Overview and Level Annotations

Branches:
Dungeon (3/15)

Altars:


Message History

You kill the ball python!
You see here a ball python corpse.
Found 9 gold pieces.
h - 20 stones (gained 1)
h - 21 stones (gained 1)
Found a scroll labelled FIANUG YMAPTI.
You now have 33 gold pieces (gained 9).
As you read the scroll labelled LIMPUP HIEN, it crumbles to dust.
You feel strangely unstable.
It was a scroll of teleportation.
Your surroundings suddenly seem different.
A wyvern zombie comes into view.
Throw: 21 stones
Press: ? - help, Q - select action, (/) - cycle Shift-Dir - straight line, f - wyvern zombie
Aim: a wyvern zombie (76% to hit)
You throw a stone.
The stone hits the wyvern zombie but does no damage.
Throw: 20 stones
Press: ? - help, Q - select action, (/) - cycle Shift-Dir - straight line, f - wyvern zombie
Aim: a wyvern zombie (75% to hit)
You throw a stone. The stone hits the wyvern zombie.
The wyvern zombie is lightly damaged.
You slash the wyvern zombie!
The wyvern zombie is moderately damaged.
The wyvern zombie bites you but does no damage. x2
You barely miss the wyvern zombie.
The wyvern zombie is moderately damaged.
You block the wyvern zombie's attack. x2
You barely miss the wyvern zombie.
The wyvern zombie is moderately damaged.
The wyvern zombie bites you! The wyvern zombie closely misses you.
The wyvern zombie misses you.
You slash the wyvern zombie!
The wyvern zombie is heavily damaged.
The wyvern zombie bites you. The wyvern zombie barely misses you.
You barely miss the wyvern zombie.
The wyvern zombie is heavily damaged.
The wyvern zombie bites you!
* * * LOW HITPOINT WARNING * * *
The wyvern zombie bites you!
You die...

###
...
#.#
#(#
#(#
#.#
#Z#
#@#
#.#
#.#
#.#
..#
###


You could see a wyvern zombie.

Vanquished Creatures
  A ball python (D:3)
  2 goblins (D:2)
  A hobgoblin (D:1)
  2 quokkas
  2 frilled lizards (D:2)
  A rat (D:1)
9 creatures vanquished.

Notes
Turn   | Place    | Note
-------+----------+-------------------------------------------
     0 | D:1      | tachang the Hill Orc Fighter began the quest for the Orb.
     0 | D:1      | Reached XP level 1. HP: 19/19 MP: 1/1
   232 | D:2      | Found a faded altar of an unknown god.
   299 | D:2      | Reached XP level 2. HP: 21/27 MP: 2/2
   688 | D:3      | HP: 1/27 [wyvern zombie (13)]
   688 | D:3      | Mangled by a wyvern zombie

Illustrated notes

Levels and vault maps discovered:
D:1:      psy_arrival_basics, layout_loops_ring, serial_forest,
          infiniplex_forest_clump_curved, infiniplex_forest_lined_2,
          infiniplex_forest_lined_2, infiniplex_forest_clump_small,
          infiniplex_forest_end_2, infiniplex_forest_end_double
D:2:      layout_loops_cross, basic_ecumenical_altar, basic_altar
D:3:      minmay_inner_zag, layout_basic, roderic_roman_lattice,
          minmay_misc_feat_diagonals

Skill      XL: |  1 |
---------------+----+-----
Axes           | 3 |  3.0
Fighting       | |  3.9
Armour         | |  3.4
Shields        | |  3.4

Action                   || total
-------------------------++-------
Melee: War axe           ||    42
Throw: Stone             ||     4
       Dart              ||     1
  Use: Scroll            ||     1
Armor: Scale mail        ||    12
       Leather armour    ||     3
Dodge: Dodged            ||    20
Block: Kite shield       ||    18

Table legend: (Time is in decaauts)
 A = Elapsed time spent in this place.
 B = Non-inter-level travel time spent in this place.
 C = Inter-level travel time spent in this place.
 D = Time resting spent in this place.
 E = Time spent auto-exploring this place.
 F = Levels seen in this place.
 G = Mean time per level.
                   A        B        C        D        E       F      G
               +--------+--------+--------+--------+--------+-----+--------+
         Total |    713 |    713 |      0 |      0 |      0 |   3 |  237.7 |
       Dungeon |    713 |    713 |      0 |      0 |      0 |   3 |  237.7 |
               +--------+--------+--------+--------+--------+-----+--------+

Top non-repeatable levels by time:
     D:2: 474 daAuts
     D:1: 201 daAuts
     D:3: 38 daAuts
